Map: Incorporeal LE

Players

Classic - Winner!

  • Race: Protoss Protoss
  • Spawn Location: 5:00

Rogue

  • Race: Zerg Zerg
  • Spawn Location: 11:00

Event: Esports World Cup 2025

VOD

Have the link to the VOD?

Description

Time

  • Played on: July 22, 2025, 12:18 p.m.
  • Length: 19:41

All games in this series

Show
View Real Time Build Order
Export as new Build Order

Classic Protoss - Winner!

Build Orders: 1 Gate Expand, Oracle Opening, Phoenix Opening, Carriers, Zealot Archon 

Get SALT Encoding   

  12  0:00  Probe  
  13  0:12  Probe  
  14  0:17  Pylon  
  14  0:24  Probe  
  15  0:32  Probe  
  15  0:35  Gateway  
  15  0:40  Probe  
  16  0:46  Assimilator  
  17  0:50  Probe  
  18  1:03  Probe  
  19  1:15  Probe  
  20  1:25  Nexus  
  20  1:34  Cybernetics Core  
  20  1:36  Probe  
  21  1:42  Assimilator  
  21  1:48  Probe  
  21  1:54  Pylon  
  22  2:00  Probe  
  23  2:02  Adept  
  23  2:12  Probe  
  23  2:15  Stargate  
  26  2:23  Warp Gate  
  26  2:24  Probe  
  27  2:32  Adept  
  27  2:33  Probe x2  
  31  2:41  Probe x2  
  31  2:51  Probe x2  
  33  2:55  Phoenix  
  37  3:03  Probe x2  
  37  3:04  Pylon  
  39  3:11  Oracle  
  39  3:13  Gateway  
  39  3:15  Probe x2  
  44  3:27  Probe x2  
  44  3:29  Adept  
  48  3:39  Probe x2  
  50  3:41  Oracle  
  53  3:53  Nexus  
  53  3:57  Pylon  
  53  4:00  Probe  
  54  4:10  Pylon, Assimilator  
  54  4:12  Assimilator  
  54  4:15  Probe x2  
  54  4:16  Shield Battery  
  56  4:25  Adept x2  
  56  4:27  Probe  
  61  4:32  Probe, Twilight Council  
  61  4:33  Forge  
  62  4:39  Probe  
  62  4:44  Probe  
  64  4:50  Adept x2  
  64  4:51  Probe  
  64  4:52  Pylon  
  69  4:55  Probe  
  70  5:01  Probe x2  
  70  5:03  Probe  
  72  5:09  Probe x2, Protoss Ground Weapons Level 1  
  72  5:11  Blink  
  72  5:12  Probe  
  75  5:17  Gateway x2  
  76  5:24  Templar Archives  
  76  5:28  Probe x3  
  77  5:40  Probe x3  
  77  5:41  Assimilator  
  78  5:45  Gateway, Assimilator  
  78  5:46  Gateway, Stalker  
  78  5:49  Shield Battery  
  80  5:50  Psionic Storm  
  80  5:52  Probe  
  80  5:54  Pylon, Probe  
  80  5:55  Probe  
  83  6:04  Gateway  
  83  6:06  Gateway  
  83  6:10  Probe x2  
  85  6:11  Photon Cannon  
  85  6:13  Probe  
  85  6:16  Pylon  
  85  6:17  High Templar x2  
  90  6:23  High Templar  
  92  6:31  Stalker  
  91  6:39  Pylon  
  92  6:40  Probe x3  
  92  6:45  High Templar  
  96  6:48  Photon Cannon, Nexus  
  96  6:49  Pylon  
  96  6:50  Pylon  
  96  6:59  High Templar x2  
  96  7:00  Stalker x2  
  96  7:01  Stalker x2  
  108  7:06  Photon Cannon  
  108  7:08  Pylon  
  108  7:09  Photon Cannon  
  108  7:13  Shield Battery  
  108  7:18  Probe x3  
  108  7:21  Robotics Facility  
  111  7:25  Pylon  
  111  7:28  Photon Cannon  
  111  7:30  Probe x3  
  111  7:31  Photon Cannon  
  111  7:32  Photon Cannon  
  111  7:35  Assimilator  
  114  7:37  Protoss Ground Weapons Level 2  
  114  7:41  Assimilator, Charge  
  114  7:47  Probe x3  
  117  7:53  High Templar x2, Zealot x3  
  117  7:56  Photon Cannon  
  117  7:57  Archon  
  127  7:59  Probe  
  127  8:05  Probe x3  
  131  8:09  Photon Cannon  
  131  8:11  Probe  
  131  8:12  Pylon, High Templar x2  
  136  8:17  Photon Cannon  
  136  8:18  Archon  
  136  8:19  Photon Cannon  
  136  8:20  Shield Battery  
  136  8:25  High Templar x2, Zealot x3  
  136  8:26  Zealot  
  148  8:29  Photon Cannon  
  148  8:30  Archon  
  150  8:44  Stalker x2  
  150  8:45  Stalker  
  150  8:46  Phoenix, Stalker x3  
  151  9:08  Observer  
  151  9:09  Photon Cannon  
  148  9:11  Stargate, Photon Cannon  
  148  9:15  Fleet Beacon  
  149  9:20  Photon Cannon, Warp Prism  
  149  9:22  Photon Cannon  
  149  9:24  Pylon, Robotics Facility  
  149  9:25  Probe x4  
  149  9:28  Pylon  
  155  9:34  Zealot  
  151  9:39  Shield Battery  
  151  9:42  High Templar x2  
  151  9:44  High Templar x2  
  151  9:45  High Templar x2  
  163  9:47  Immortal  
  163  9:51  Archon x2  
  163  9:53  Photon Cannon  
  163  9:55  Phoenix  
  163  9:56  Phoenix  
  167  10:01  Photon Cannon  
  167  10:06  Shield Battery  
  169  10:07  Pylon  
  169  10:10  Photon Cannon  
  169  10:13  Anion Pulse-Crystals  
  165  10:27  Stalker x5  
  165  10:32  Archon  
  151  10:37  High Templar  
  151  10:38  Zealot x2  
  151  10:40  Immortal x2  
  132  10:45  Probe x3  
  129  10:52  Photon Cannon  
  129  10:54  Photon Cannon  
  129  10:55  Photon Cannon  
  129  10:56  Pylon  
  129  10:57  Carrier  
  129  10:58  Zealot x7  
  129  11:02  Carrier  
  147  11:20  Zealot x2  
  151  11:27  High Templar x3  
  151  11:30  Warp Prism  
  151  11:31  Forge  
  157  11:35  Forge  
  157  11:38  Observer  
  146  11:51  Carrier  
  146  11:56  Carrier  
  146  11:59  High Templar  
  148  12:05  Stalker  
  162  12:09  Protoss Ground Weapons Level 3  
  162  12:13  Zealot x4  
  170  12:22  Pylon  
  170  12:27  Nexus  
  170  12:34  Stargate  
  169  12:42  Zealot x5  
  169  12:43  Zealot x3  
  185  12:45  Pylon  
  182  13:02  Carrier x2  
  175  13:14  Zealot x6  
  174  13:22  Carrier  
  171  13:30  Pylon  
  171  13:31  Pylon  
  171  13:32  Mothership  
  179  13:40  Protoss Shields Level 1  
  169  13:47  Pylon  
  169  13:48  Gateway  
  169  13:49  Gateway  
  169  13:51  Cybernetics Core, Zealot, Nexus  
  169  13:52  Pylon  
  169  13:53  Photon Cannon  
  169  13:55  Photon Cannon  
  169  13:58  High Templar x3  
  169  14:01  High Templar x2  
  179  14:06  Pylon, Archon  
  179  14:11  Carrier x2  
  179  14:20  Probe x3  
  194  14:25  Unknown  
  194  14:26  Protoss Air Weapons Level 1  
  194  14:33  Photon Cannon  
  194  14:35  Photon Cannon  
  194  14:36  Photon Cannon  
  194  14:38  Shield Battery  
  192  14:40  Pylon  
  192  14:48  Photon Cannon  
  192  14:51  Photon Cannon  
  190  14:53  Photon Cannon  
  190  14:54  Shield Battery  
  190  14:55  Photon Cannon  
  190  14:59  Cybernetics Core  
  196  15:05  High Templar x5  
  200  15:10  Archon x2  
  200  15:11  Assimilator  
  200  15:13  Assimilator  
  200  15:18  Photon Cannon  
  200  15:19  Photon Cannon  
  200  15:27  Photon Cannon  
  200  15:28  Photon Cannon  
  200  15:30  Photon Cannon  
  200  15:32  Photon Cannon  
  200  15:35  Shield Battery  
  200  15:43  Photon Cannon  
  200  15:55  Carrier x3  
  184  16:06  Observer  
  172  16:29  High Templar x4  
  172  16:31  Protoss Air Weapons Level 2  
  180  16:34  Archon x2  
  180  16:37  High Templar  
  180  16:39  High Templar  
  184  16:40  Warp Prism  
  184  16:43  Archon  
  186  16:55  Protoss Air Armor Level 1  
  186  16:58  Nexus  
  186  16:59  Pylon  
  185  17:27  High Templar  
  185  17:28  High Templar x3  
  193  17:31  Zealot x2  
  193  17:37  Archon x2  
  189  17:55  Nexus  
  189  17:57  Photon Cannon  
  187  17:59  Photon Cannon  
  187  18:01  Shield Battery  
  187  18:05  Photon Cannon  
  185  18:06  High Templar, Photon Cannon  
  185  18:07  Photon Cannon  
  187  18:13  High Templar x3  
  187  18:15  High Templar  
  187  18:16  High Templar  
  187  18:17  Archon  
  187  18:18  Archon  
  197  18:48  Photon Cannon  
  197  18:50  Assimilator  
  197  18:53  Assimilator  
Show
View Real Time Build Order
Export as new Build Order

Rogue Zerg 

Build Orders: Hatch First, Lurkers 

Get SALT Encoding   

  12  0:01  Drone  
  13  0:08  Drone  
  14  0:16  Drone, Extractor  
  15  0:22  Overlord  
  15  0:42  Drone  
  16  0:45  Hatchery  
  16  0:49  Drone  
  16  0:52  Drone  
  16  0:55  Drone  
  18  1:06  Extractor  
  17  1:12  Spawning Pool  
  17  1:14  Drone  
  17  1:19  Drone  
  18  1:28  Drone  
  19  1:38  Drone  
  20  1:49  Drone  
  21  1:58  Queen x2  
  21  1:59  Zergling x2  
  26  2:01  Overlord  
  26  2:08  Drone  
  26  2:10  Zergling x2  
  26  2:13  Metabolic Boost  
  28  2:23  Drone x2  
  30  2:34  Queen  
  32  2:43  Hatchery  
  31  2:45  Overlord  
  31  2:48  Drone  
  31  2:50  Drone  
  33  2:53  Drone  
  33  2:54  Drone  
  33  2:57  Drone  
  36  3:08  Drone x4  
  36  3:09  Overlord  
  40  3:13  Zergling x2  
  40  3:16  Drone x2  
  40  3:18  Drone  
  44  3:25  Drone, Spore Crawler  
  44  3:26  Spore Crawler  
  43  3:27  Drone  
  43  3:33  Overlord  
  44  3:39  Zergling x4  
  44  3:40  Zergling x4  
  48  3:45  Overlord  
  48  3:52  Queen x2  
  52  3:56  Drone x2  
  52  3:58  Drone  
  52  4:00  Drone  
  52  4:01  Drone  
  57  4:05  Drone  
  58  4:10  Drone, Evolution Chamber  
  58  4:14  Drone x2  
  58  4:15  Drone x2  
  62  4:18  Spore Crawler  
  62  4:19  Drone x2  
  62  4:22  Drone  
  64  4:25  Drone  
  64  4:27  Drone  
  64  4:31  Overlord  
  65  4:37  Overlord x2  
  65  4:40  Queen  
  65  4:43  Overlord  
  64  4:46  Zerg Melee Weapons Level 1  
  64  4:48  Drone  
  64  4:50  Drone x3  
  68  4:55  Drone x2  
  68  4:56  Drone  
  68  4:57  Lair  
  68  4:58  Drone  
  68  4:59  Drone  
  73  5:00  Extractor  
  73  5:03  Drone  
  73  5:05  Zergling x6  
  73  5:06  Zergling x2  
  76  5:09  Zergling x4  
  76  5:11  Drone x2  
  76  5:13  Extractor  
  79  5:19  Drone  
  79  5:21  Drone  
  81  5:22  Drone  
  80  5:32  Drone  
  80  5:33  Drone  
  80  5:34  Drone x2  
  80  5:35  Drone x4  
  87  5:36  Drone  
  87  5:37  Hatchery  
  87  5:38  Extractor  
  86  5:44  Drone  
  86  5:46  Drone  
  86  5:47  Extractor  
  86  5:48  Drone x4  
  86  5:49  Extractor  
  90  5:53  Overlord  
  90  5:55  Drone  
  91  5:58  Hydralisk Den  
  91  5:59  Overlord  
  91  6:01  Drone x3, Overseer  
  93  6:07  Drone x2  
  93  6:10  Overlord  
  94  6:17  Overlord  
  94  6:22  Zergling x2  
  94  6:23  Zergling x10  
  100  6:26  Overlord, Spire  
  100  6:29  Grooved Spines  
  100  6:30  Hatchery  
  100  6:31  Drone x3  
  101  6:35  Drone  
  101  6:37  Drone  
  101  6:38  Drone  
  101  6:39  Overlord  
  104  6:40  Overlord  
  104  6:42  Extractor  
  104  6:43  Extractor  
  104  6:44  Drone, Overseer  
  104  6:45  Overlord  
  102  6:51  Overlord  
  102  6:54  Drone x6  
  102  6:55  Drone x2  
  102  6:58  Overlord  
  110  7:02  Hydralisk x3  
  110  7:05  Hydralisk  
  118  7:08  Hydralisk  
  118  7:09  Hydralisk  
  118  7:10  Hydralisk  
  124  7:18  Overlord  
  122  7:24  Muscular Augments  
  122  7:25  Hydralisk x4  
  122  7:26  Baneling Nest  
  128  7:30  Zerg Missile Weapons Level 1  
  128  7:43  Mutalisk  
  128  7:44  Mutalisk x5  
  128  7:45  Zergling x2  
  128  7:46  Zergling x12  
  128  7:48  Mutalisk  
  149  7:51  Drone x4  
  149  7:55  Mutalisk  
  155  7:59  Overlord  
  155  8:03  Mutalisk x2  
  159  8:05  Zergling x6  
  159  8:06  Zergling x10  
  159  8:07  Zergling x2  
  159  8:11  Drone  
  159  8:12  Drone x2  
  170  8:14  Centrifugal Hooks, Zerg Flyer Weapons Level 1  
  170  8:16  Drone  
  170  8:17  Drone  
  172  8:22  Overlord  
  172  8:30  Hydralisk x8  
  188  8:38  Hydralisk, Infestation Pit  
  188  8:40  Hydralisk  
  191  8:41  Hydralisk  
  191  8:43  Hydralisk  
  191  8:47  Baneling x3  
  180  9:06  Mutalisk x4  
  180  9:07  Extractor x2  
  186  9:11  Mutalisk  
  188  9:21  Mutalisk x2  
  192  9:24  Zergling x16  
  192  9:31  Baneling x3  
  200  9:36  Hatchery  
  182  9:50  Baneling x11  
  182  9:51  Baneling x11  
  182  9:52  Zergling x36  
  200  9:56  Zerg Missile Weapons Level 2  
  200  10:04  Overseer  
  200  10:08  Hive  
  200  10:13  Lurker Den  
  199  10:17  Zergling x2  
  199  10:26  Zergling x2  
  199  10:28  Zergling x6  
  169  10:32  Zergling x10  
  169  10:33  Zergling x34  
  179  10:35  Zergling x2  
  179  10:36  Zergling x4  
  179  10:38  Zerg Flyer Weapons Level 2  
  179  10:40  Zergling x14  
  179  10:41  Zergling x2  
  179  10:42  Evolution Chamber  
  169  10:43  Hydralisk x2  
  169  10:44  Hydralisk x2  
  169  10:47  Hydralisk  
  158  10:50  Hydralisk  
  158  10:51  Hydralisk  
  158  10:55  Baneling  
  158  10:56  Hydralisk x2, Baneling x14  
  154  10:58  Hydralisk x2  
  154  10:59  Hydralisk  
  154  11:00  Hydralisk  
  154  11:02  Hydralisk  
  163  11:06  Hydralisk x2  
  163  11:07  Hydralisk x3  
  165  11:12  Zergling x10  
  165  11:13  Zergling x2  
  165  11:15  Drone x2  
  165  11:16  Drone  
  165  11:17  Drone  
  171  11:20  Drone x3  
  171  11:22  Drone x2  
  175  11:29  Seismic Spines  
  159  11:33  Adrenal Glands  
  159  11:42  Drone x4  
  161  11:49  Lurker x9  
  161  11:51  Drone x2  
  161  11:52  Spore Crawler  
  161  11:53  Spore Crawler x3  
  168  11:54  Spore Crawler  
  168  12:00  Overseer  
  166  12:02  Lurker x2  
  166  12:03  Zergling x12  
  166  12:05  Extractor x2  
  166  12:07  Zergling x6  
  175  12:13  Zerg Melee Weapons Level 2  
  175  12:15  Pneumatized Carapace  
  175  12:20  Zergling x2  
  175  12:21  Zergling x12  
  182  12:25  Burrow  
  182  12:26  Adaptive Talons  
  182  12:27  Lurker x3  
  185  12:31  Zergling x4  
  183  12:37  Zergling x8  
  183  12:38  Zergling x6  
  183  12:39  Zergling x2  
  183  12:41  Zergling x2  
  183  12:42  Zergling x6  
  183  12:43  Zergling x2  
  186  12:44  Zergling x2  
  186  12:45  Zergling x6  
  186  12:48  Zergling x4  
  186  12:50  Zergling x2  
  191  12:52  Zergling x2  
  191  12:55  Zergling x4  
  191  12:56  Zergling x2  
  191  12:57  Zergling x6  
  186  12:59  Zergling x2  
  186  13:00  Zergling x4  
  186  13:05  Zergling x4  
  184  13:12  Corruptor x3  
  164  13:15  Corruptor  
  166  13:20  Drone x5  
  166  13:25  Corruptor  
  166  13:26  Corruptor  
  144  13:34  Hydralisk x4  
  138  13:37  Viper x2  
  148  13:44  Lurker x5  
  153  13:51  Corruptor x2  
  157  14:00  Zergling x20  
  167  14:07  Hatchery  
  167  14:09  Lurker x3  
  168  14:10  Lurker  
  169  14:18  Drone x4  
  173  14:24  Overlord  
  173  14:26  Overlord  
  173  14:28  Overlord  
  172  14:34  Hatchery  
  170  14:39  Corruptor x2  
  170  14:43  Corruptor  
  176  14:48  Zerg Flyer Weapons Level 3  
  169  14:53  Corruptor x5  
  179  15:03  Corruptor x3  
  179  15:06  Overseer x2  
  185  15:10  Overlord  
  185  15:12  Overseer x3  
  185  15:13  Zerg Missile Weapons Level 3  
  185  15:18  Zergling x6  
  185  15:19  Drone  
  189  15:28  Zerg Ground Armor Level 1  
  189  15:30  Hydralisk x5  
  199  15:42  Overseer, Overlord x2  
  199  15:43  Overseer, Overlord  
  199  15:48  Overlord  
  199  15:49  Spore Crawler  
  198  15:50  Spore Crawler  
  198  15:51  Overlord, Spore Crawler  
  198  15:54  Overlord  
  198  15:55  Overlord  
  188  15:57  Overlord  
  188  16:04  Hydralisk x10  
  162  16:07  Hydralisk x2  
  162  16:08  Hydralisk  
  162  16:10  Hydralisk  
  155  16:12  Hydralisk  
  155  16:14  Hydralisk  
  155  16:16  Hydralisk  
  146  16:23  Viper x2  
  152  16:27  Lurker  
  152  16:28  Lurker x2  
  152  16:29  Zergling x12  
  161  16:33  Zergling x8  
  161  16:34  Unknown  
  161  16:37  Lurker x2  
  161  16:38  Lurker  
  168  16:42  Zergling x10  
  168  16:43  Zergling x4  
  168  16:45  Zergling x2  
  168  16:46  Zergling x2  
  168  16:47  Zergling x2  
  178  16:50  Lurker x2  
  178  16:51  Zergling x2  
  178  16:52  Zergling x4  
  183  16:56  Zergling x2  
  183  16:57  Zergling x6  
  183  16:59  Zergling x2  
  187  17:01  Zergling x2  
  180  17:10  Hydralisk x5  
  180  17:13  Hydralisk x2  
  187  17:16  Hydralisk  
  187  17:19  Overseer, Overlord  
  187  17:22  Overlord  
  184  17:27  Overlord  
  182  17:40  Corruptor  
  182  17:41  Corruptor x3  
  188  17:45  Corruptor  
  188  17:52  Corruptor  
  188  17:55  Corruptor  
  192  18:00  Corruptor  
  186  18:17  Corruptor x2  
  186  18:18  Corruptor  
  191  18:37  Hatchery  
  190  18:43  Corruptor x2  
  189  19:02  Corruptor x3  
  195  19:10  Corruptor x2  
Tags
 
Add a new tag
Caveats
  • Supply blocks, unpowered buildings, or Contaminate may cause inaccurate times.
  • Supply counts are checked every 10 seconds.